 Dungeon Crawl Stone Soup version 0.23-a0-484-g29ba69c (webtiles) character file.

21 theanonym the Caller (level 2, -4/19 HPs)
             Began as a Mummy Summoner on Nov 30, 2018.
             Slain by an adder (5 damage)
             ... on level 2 of the Dungeon.
             The game lasted 00:01:29 (1620 turns).

theanonym the Caller (Mummy Summoner)               Turns: 1620, Time: 00:01:29

Health: -4/19      AC:  2    Str: 11    XL:     2   Next: 62%
Magic:  1/6        EV: 12    Int: 14    God:
Gold:   60         SH:  0    Dex: 12    Spells: 6/7 levels left

rFire    x . .     SeeInvis .   d - +0 dagger
rCold    + . .     Gourm    .   (no shield)
rNeg     + + +     Faith    .   a - +0 robe
rPois    ∞         Spirit   .   (no helmet)
rElec    .         Reflect  .   (no cloak)
rCorr    .         Harm     .   (no gloves)
MR       .....                  (no boots)
Stlth    ++........             (no amulet)
HPRegen  0.06/turn              (no ring)
MPRegen  0.10/turn              (no ring)

@: no status effects
A: no food or potions, fire vulnerability, cold resistance 1, negative energy
resistance 3, torment resistance, unbreathing
a: no special abilities


Innate Abilities, Weirdness & Mutations

You do not eat or drink.
Your flesh is vulnerable to fire.
You are immune to poison.
Your flesh is cold resistant. (rC+)
You are immune to negative energy. (rN+++)
You are immune to unholy pain and torment.
You can survive without breathing.


   Skills:
 + Level 0.2 Short Blades
 - Level 1.5 Dodging
 - Level 1.5 Stealth
 + Level 3.4 Spellcasting
 + Level 3.6 Summonings


You had 6 spell levels left.
You knew the following spells:

 Your Spells              Type           Power        Failure   Level  Hunger
a - Summon Small Mammal   Summ           ##..         4%          1    N/A

Your spell library contained the following spells:

 Spells                   Type           Power        Failure   Level  Hunger
 Call Imp                 Summ           ##......     7%          2    N/A
 Call Canine Familiar     Summ           ##......     14%         3    N/A
 Summon Guardian Golem    Hex/Summ       #.......     28%         3    N/A
 Summon Ice Beast         Ice/Summ       #.......     67%         4    N/A
 Summon Lightning Spire   Summ/Air       #.......     67%         4    N/A

Skill      XL: |  1 |
---------------+----+-----
Spellcasting   | 3 |  3.4
Short Blades   | |  0.2
Dodging        | |  1.5
Stealth        | |  1.5
Summonings     | |  3.6

Action                   || total
-------------------------++-------
Melee: Unarmed           ||    22
       Club              ||    30
       Dagger            ||    36
 Cast: Summon Small Mamm ||    18
Armor: Robe              ||    37
Dodge: Dodged            ||    98

Inventory:

Hand Weapons
 b - a +0 club
   (You took it off a hobgoblin on level 1 of the Dungeon)
 d - a +0 dagger (weapon)
   (You took it off a goblin on level 1 of the Dungeon)
Armour
 a - a +0 robe (worn)
Scrolls
 c - a scroll of amnesia {unknown}
 e - a scroll of random uselessness {unknown}
 f - a scroll of teleportation {unknown}


You were on level 2 of the Dungeon.
You were not hungry.

You visited 1 branch of the dungeon, and saw 2 of its levels.

You collected 60 gold pieces.

Dungeon Overview and Level Annotations

Branches:
Dungeon (2/15)

Altars:
##### ... ... ... #.# #.# #.# #####.# #br@Sb#

#.#####
#.#####.####
...........#
...........#
#######.#..#
#.#..#
#.#..#
#.#..#


You could see an adder, 2 friendly bats and a friendly rat.

Notes
Turn   | Place    | Note
-------+----------+-------------------------------------------
     0 | D:1      | theanonym the Mummy Summoner began the quest for the Orb.
     0 | D:1      | Reached XP level 1. HP: 13/13 MP: 4/4
   228 | D:1      | Reached skill level 3 in Spellcasting
   272 | D:1      | HP: 5/13 [kobold (4)]
   574 | D:1      | Reached XP level 2. HP: 19/19 MP: 6/6
   709 | D:1      | HP: 9/19 [goblin/+0 dagger (1)]
  1041 | D:1      | HP: 5/19 [hobgoblin/+0 club (5)]
  1046 | D:1      | HP: 3/19 [kobold (2)]
  1598 | D:2      | HP: 7/19 [adder (3)]
  1604 | D:2      | HP: 6/19 [adder (2)]
  1612 | D:2      | HP: 2/19 [adder (4)]
  1620 | D:2      | HP: 1/19 [adder (2)]
  1620 | D:2      | Slain by an adder

Vanquished Creatures
  2 bats (D:1)
  A giant cockroach (D:1)
  4 goblins (D:1)
  A hobgoblin (D:1)
  4 kobolds
  2 rats (D:1)
14 creatures vanquished.

Vanquished Creatures (collateral kills)
  2 bats (D:1)
  A hobgoblin (D:1)
  3 frilled lizards (D:1)
  A kobold (D:1)
7 creatures vanquished.

Grand Total: 21 creatures vanquished

Table legend:
 A = Turns spent in this place as a percentage of turns spent in the entire game.
 B = Non-inter-level travel turns spent in this place as a percentage of non-inter-level travel turns spent in the entire game.
 C = Inter-level travel turns spent in this place as a percentage of turns spent in this place.
 D = Turns resting spent in this place as a percentage of non-inter-level travel turns spent in this place.
 E = Turns spent auto-exploring this place as a percentage of non-inter-level travel turns spent in this place.
 F = Non-inter-level travel turns spent in this place divided by the number of levels of this place that you've seen.
                   A       B       C       D       E      F
               +-------+-------+-------+-------+-------+----------------------
         Total | 100.0 | 100.0 |   2.5 |  53.7 |  33.3 | 790.0
       Dungeon | 100.0 | 100.0 |   2.5 |  53.7 |  33.3 | 790.0
               +-------+-------+-------+-------+-------+----------------------
